 Dungeon Crawl Stone Soup version 0.31-a0-115-g4708a659fe (webtiles) character file.

Game seed: 11096609718093549757

2366 Chodeload the Frost Mage (level 9, 0/52 HPs)
             Began as a Deep Elf Wanderer on May 29, 2023.
             Was a Believer of Vehumet.
             Shot with an arrow by a centaur (13 damage)
             ... on level 8 of the Dungeon.
             The game lasted 00:19:02 (7949 turns).

Chodeload the Frost Mage (Deep Elf Wanderer)        Turns: 7949, Time: 00:19:03

Health: 0/52       AC:  4    Str: 11    XL:     9   Next: 21%
Magic:  1/18       EV: 12    Int: 21    God:    Vehumet [**....]
Gold:   334        SH:  0    Dex: 13    Spells: 7/18 levels left

rFire   . . .        a - +1 trident (venom)
rCold   + . .        (no shield)
rNeg    . . .        q - +0 robe {rC+}
rPois   .            (no helmet)
rElec   .            f - +0 cloak
rCorr   +            (no gloves)
SInv    .            y - +0 pair of boots
Will    .....        (no amulet)
Stlth   +            t - ring of resist corrosion
HPRegen 0.28/turn    A - +4 ring of slaying
MPRegen 0.16/turn

%: no passive effects
@: no status effects
A: no striking features
a: Renounce Religion


You were on level 8 of the Dungeon.
You worshipped Vehumet.
Vehumet was pleased with you.
You visited 2 branches of the dungeon, and saw 9 of its levels.

You collected 334 gold pieces.

Inventory:

Hand Weapons
 a - a +1 trident of venom (weapon)
 G - the +8 quarterstaff "Orb Guardian's Foe" {heavy, rElec}
   (You found it on level 8 of the Dungeon)

   rElec:     It insulates you from electricity.
Missiles
 c - 12 boomerangs
 h - 18 poisoned darts (quivered)
 v - 6 curare-tipped darts
 x - a throwing net
 D - 3 atropa-tipped darts
Armour
 f - a +0 cloak (worn)
 q - a +0 robe of cold resistance (worn)
 y - a +0 pair of boots (worn)
Jewellery
 t - a ring of resist corrosion (left hand)
 A - a +4 ring of slaying (right hand)
Wands
 e - a wand of quicksilver (8)
 w - a wand of mindburst (2)
 C - a wand of iceblast (3)
Scrolls
 b - a scroll of poison {unknown}
 d - a scroll of silence
 j - a scroll of vulnerability
 k - a scroll of magic mapping
 l - 2 scrolls of teleportation
 m - a scroll of acquirement {unknown}
 s - 3 scrolls of amnesia {unknown}
 z - 3 scrolls of blinking
 B - a scroll of butterflies {unknown}
 F - a scroll of fear {unknown}
Potions
 g - 2 potions of might {unknown}
 i - a potion of cancellation {unknown}
 n - 2 potions of attraction {unknown}
 o - a potion of resistance {unknown}
 p - 3 potions of curing {unknown}
 r - 3 potions of magic {unknown}
 u - 2 potions of lignification {unknown}
 E - a potion of haste {unknown}


   Skills:
 + Level 4.2 Fighting
 - Level 2.1 Maces & Flails
 - Level 3.0 Throwing
 - Level 3.0 Dodging
 - Level 5.0 Spellcasting
 + Level 6.5 Conjurations
 - Level 8.0 Ice Magic
 - Level 4.0 Air Magic


You had 7 spell levels left.
You knew the following spells:

 Your Spells              Type           Power      Damage    Failure   Level
a - Freeze                Ice            100%       1d10      1%          1
b - Frozen Ramparts       Ice            76%        1d12      1%          3
c - Ozocubu's Armour      Ice            38%        N/A       1%          3
d - Shock                 Conj/Air       100%       1d9       1%          1
e - Hailstorm             Conj/Ice       35%        3d9       1%          3

Your spell library contained the following spells:

 Spells                   Type           Power      Damage    Failure   Level
 Foxfire                  Conj/Fire      72%        2x1d7     2%          1
 Apportation              Tloc           10%        N/A       11%         1
 Beastly Appendage        Tmut           10%        N/A       11%         1
 Wereblood                Tmut           5%         N/A       16%         2
 Ice Form                 Ice/Tmut       22%        N/A       21%         4
 Spider Form              Tmut/Pois      5%         N/A       32%         3
 Alistair's Intoxication  Tmut/Pois      3%         N/A       96%         5
 Borgnjor's Vile Clutch   Necr/Erth      2%         N/A       96%         5
 Simulacrum               Ice/Necr       11%        N/A       97%         6
 Ozocubu's Refrigeration  Ice            19%        4d11      98%         7
 Eringya's Noxious Bog    Tmut/Pois      2%         N/A       100%        6


Dungeon Overview and Level Annotations

Branches:
Dungeon (8/15)             Temple (1/1) D:4
   Lair: D:8-11

Altars:
Ashenzari
Cheibriados
Kikubaaqudgha
Nemelex Xobeh
Ru
Sif Muna
Trog
Uskayaw
Vehumet
Wu Jian
Yredelemnul
The Shining One

Shops:
D:6 (

Annotations:
D:4 2 transporters, exclusion: downstairs, loir's ghost, amateur MfGl
D:7 2 transporters, exclusion: downstairs, Edyrem's ghost, novice MiBe
D:8 exclusion: ice beast


Message History

You kill the orc!
Vehumet accepts your kill.
You feel your power returning.
The wall freezes Joseph!
Joseph shoots a sling bullet.
The sling bullet hits you.
Casting: Hailstorm (safe; 1% risk of failure)
Confirm with . or Enter, or press ? or * to list all spells.
Casting: Hailstorm (safe; 1% risk of failure)
Press: ? - help, Dir - look around, f - activate A cannonade of hail descends around you!
The hail pelts Joseph.
Joseph is severely wounded.
The wall freezes Joseph.
Joseph shoots a sling bullet.
The sling bullet hits you!
* * * LOW HITPOINT WARNING * * *
Casting: Hailstorm (safe; 1% risk of failure)
Confirm with . or Enter, or press ? or * to list all spells.
Casting: Hailstorm (safe; 1% risk of failure)
Press: ? - help, Dir - look around, f - activate A cannonade of hail descends around you!
The hail pelts Joseph!
Joseph is almost dead.
The wall freezes Joseph.
Casting: Hailstorm (safe; 1% risk of failure)
Confirm with . or Enter, or press ? or * to list all spells.
Aiming: Freeze (safe; 1% risk of failure)
Press: ? - help, Shift-Dir - straight line, f - Joseph
Aim: Joseph, wielding a +0 sling and wearing a +0 ring mail (almost dead)
You freeze Joseph!
You kill Joseph!
Vehumet accepts your kill.
Your Fighting skill increases to level 4!
Your Conjurations skill increases to level 6!
Your icy armour cracks and falls away as you move.
The frozen ramparts melt away as you move.
A centaur comes into view.
The centaur wields a +0 orcbow.
The centaur shoots an arrow.
The arrow misses you.
The centaur shoots an arrow.
The arrow barely misses you.
The centaur shoots an arrow.
The arrow hits you!
You die...

..○.. # #.).###@#
#...c..# #)# #.#
#.# #.# #.# #@# #
#.# # #######.#
###### #.......#
.....#####.#######
####.......# #
######### #


You could see a centaur.

Vanquished Creatures
  Joseph (D:8)
  A steam dragon (D:7)
  An orc warrior (D:6)
  A sky beast (D:6)
  2 black bears (D:5)
  An ogre (D:6)
  A centaur (D:7)
  A phantom (D:5)
  A kobold brigand (D:7)
  5 bullfrogs
  2 scorpions
  A howler monkey (D:5)
  3 jellies
  A gnoll bouda (D:7)
  3 orc priests
  A sleepcap (D:7)
  4 hounds
  Jessica (D:3)
  2 iguanas
  3 orc wizards
  8 gnolls
  9 adders
  A shadow imp (D:6)
  3 ufetubi
  2 worms
  A dart slug (D:1)
  16 orcs
  4 endoplasms
  3 giant cockroaches
  5 goblins
  7 hobgoblins
  5 jackals
  3 quokkas
  7 ball pythons
  5 bats
  3 frilled lizards
  13 kobolds
  7 rats
138 creatures vanquished.

Notes
Turn   | Place    | Note
-------+----------+-------------------------------------------
     0 | D:1      | Chodeload the Deep Elf Wanderer began the quest for the
                  | Orb.
     0 | D:1      | Chodeload set off with the following items: a +2 mace, 7
                  | boomerangs, a +0 dagger, a scroll of silence, a +0 robe;
                  | and the following spell memorised: Freeze; and the
                  | following spells available to memorise: Frozen Ramparts.
     0 | D:1      | Reached XP level 1. HP: 12/12 MP: 5/5
   286 | D:1      | Reached XP level 2. HP: 16/16 MP: 2/7
   456 | D:1      | Reached skill level 2 in Ice Magic
  1063 | D:1      | Found a faded altar of an unknown god.
  1532 | D:2      | Reached XP level 3. HP: 16/20 MP: 9/9
  1562 | D:2      | Learned a level 3 spell: Frozen Ramparts
  1841 | D:2      | Reached skill level 3 in Ice Magic
  2505 | D:3      | Reached XP level 4. HP: 15/25 MP: 4/10
  2591 | D:2      | Reached skill level 4 in Ice Magic
  2803 | D:3      | Reached skill level 5 in Ice Magic
  2803 | D:3      | Reached XP level 5. HP: 29/29 MP: 6/11
  2986 | D:3      | Noticed Jessica
  2992 | D:3      | Killed Jessica
  3448 | D:4      | Found a staircase to the Ecumenical Temple.
  3465 | Temple   | Entered the Ecumenical Temple
  3470 | Temple   | Learned a level 3 spell: Ozocubu's Armour
  3499 | Temple   | Became a worshipper of Vehumet
  3537 | D:4      | Found a transporter.
  3541 | D:4      | Noticed a steam dragon
  3732 | D:4      | Found a transporter.
  3732 | D:4      | Noticed loir's ghost (amateur MfGl)
  4019 | D:4      | Reached skill level 6 in Ice Magic
  4203 | D:5      | Entered Level 5 of the Dungeon
  4211 | D:5      | Reached XP level 6. HP: 21/34 MP: 12/12
  4326 | D:5      | Reached skill level 7 in Ice Magic
  4577 | D:5      | Reached * piety under Vehumet
  4577 | D:5      | Offered knowledge of Shock by Vehumet.
  4621 | D:5      | Learned a level 1 spell: Shock
  4741 | D:5      | Reached XP level 7. HP: 38/38 MP: 9/13
  4802 | D:5      | Reached skill level 1 in Conjurations
  4877 | D:5      | Reached skill level 1 in Air Magic
  5072 | D:5      | Reached skill level 8 in Ice Magic
  5736 | D:6      | Reached XP level 8. HP: 39/43 MP: 14/14
  5846 | D:6      | Found Soakisk's Weapon Shop.
  6517 | D:7      | Reached skill level 5 in Conjurations
  6684 | D:7      | Reached skill level 5 in Spellcasting
  6774 | D:7      | Reached ** piety under Vehumet
  6774 | D:7      | Noticed Edyrem's ghost (novice MiBe)
  6774 | D:7      | Identified the +6 great mace of Unpleasantness {vamp,
                  | Contam Str+4}
  6791 | D:7      | Found a transporter.
  6791 | D:7      | Found a transporter.
  6875 | D:7      | Learned a level 3 spell: Hailstorm
  7136 | D:7      | Offered knowledge of Foxfire by Vehumet.
  7632 | D:7      | Reached XP level 9. HP: 21/51 MP: 11/18
  7924 | D:8      | Identified the +8 quarterstaff "Orb Guardian's Foe" {heavy,
                  | rElec}
  7936 | D:8      | Found a shimmering blue altar of Sif Muna.
  7937 | D:8      | Noticed Joseph
  7945 | D:8      | Killed Joseph
  7949 | D:8      | Shot with an arrow by a centaur

Illustrated notes

Levels and vault maps discovered:
D:1:      saegor_arrival_under_anarchy, layout_loops_corners,
          chequers_ecumenical_altar_grove
D:2:      layout_loops_corners, chequers_serial_rivers_micro_e, minmay_tall_x
D:3:      layout_rooms, uniq_jessica
D:4:      layout_basic, minmay_temple_entry_offerings, gammafunk_ghost_arena
D:5:      layout_basic
D:6:      layout_gridville, serial_shops, shop, grunt_ministairs_8
D:7:      layout_basic, gammafunk_ghost_smash
D:8:      layout_loops_ring, nicolae_sif_muna_condensation, uniq_maurice,
          uniq_joseph
Temple:   hellmonk_temple_of_storms

Skill      XL: |  1  2  3  4  5  6  7  8  9 |
---------------+----------------------------+-----
Spellcasting   | 2 3 5 |  5.0
Ice Magic      | 2 3 5 6 7 8 |  8.0
Conjurations   | 4 5 6 |  6.5
Air Magic      | 3 4 |  4.0
Dodging        | 3 |  3.0
Fighting       | 3 4 |  4.2
Maces & Flails | |  2.1
Throwing       | |  3.0

Action                     |  1- 3 |  4- 6 |  7- 9 || total
---------------------------+-------+-------+-------++-------
  Melee: Mace              |    19 |     4 |       ||    23
         Trident           |       |    48 |    62 ||   110
         Punch             |       |     1 |       ||     1
  Throw: Dart              |     6 |     9 |     7 ||    22
         Boomerang         |       |    12 |       ||    12
   Cast: Freeze            |    67 |    44 |    18 ||   129
         Frozen Ramparts   |       |    10 |    21 ||    31
         Ozocubu's Armour  |       |     5 |     8 ||    13
         Shock             |       |       |    17 ||    17
         Hailstorm         |       |       |     4 ||     4
  Evoke: Wand              |       |       |     6 ||     6
    Use: Scroll            |     3 |       |     1 ||     4
   Stab: Sleeping          |     3 |     1 |     2 ||     6
 Armour: Robe              |    18 |    18 |    17 ||    53
  Dodge: Dodged            |    52 |    87 |    55 ||   194

Table legend: (Time is in decaauts)
 A = Elapsed time spent in this place.
 B = Non-inter-level travel time spent in this place.
 C = Inter-level travel time spent in this place.
 D = Time resting spent in this place.
 E = Time spent auto-exploring this place.
 F = Levels seen in this place.
 G = Mean time per level.
                   A        B        C        D        E       F      G
               +--------+--------+--------+--------+--------+-----+--------+
         Total |   7998 |   7323 |    675 |    851 |   4914 |   9 |  888.7 |
       Dungeon |   7952 |   7294 |    658 |    851 |   4900 |   8 |  994.0 |
        Temple |     45 |     28 |     17 |      0 |     14 |   1 |   45.0 |
               +--------+--------+--------+--------+--------+-----+--------+

Top non-repeatable levels by time:
     D:7: 1501 daAuts
     D:1: 1385 daAuts
     D:2: 1202 daAuts
     D:5: 1110 daAuts
     D:4: 1045 daAuts
     D:6: 848 daAuts
     D:3: 768 daAuts
     D:8: 89 daAuts
  Temple: 45 daAuts
